Cogmind - Beta 17 @@@ ROGUE MODE // 2026.07.22 @ 10:52:31 Player: rz Result: Destroyed by S-10 Pest with Light Assault Rifle Performance ------------- Evolutions (0) 0 Regions Visited (3) 600 Robots Destroyed (24) 120 Value Destroyed (616) 616 Prototype IDs (0) 0 Alien Tech Used (0) 0 Bonus (37) 37 TOTAL SCORE: 1373 Bonus ------- Follower Combat Kills 37 Cogmind --------- Core Integrity 0/250 Matter 283/300 Energy 100/100 System Corruption 0% Temperature Cool (0) Movement Treading (240) Ox1 Location -10/Subcaves Parts ------- > --- POWER (1) -------- (None) > --- PROPULSION (2) --- Light Treads > --- UTILITY (2) ------ Scrap Shield > --- WEAPON (2) ------- Subdweller Machine Gun > --- INVENTORY (5) ---- Aluminum Leg Aluminum Leg Compact Wheel Peak State ------------ > --- POWER ------------ Light Ion Engine > --- PROPULSION ------- Compact Wheel Compact Wheel > --- UTILITY ---------- Huge Storage Unit > --- WEAPON ----------- Particle Gun Subdweller Machine Gun > --- INVENTORY -------- Light Treads Light Treads Aluminum Leg Aluminum Leg Aluminum Leg Aluminum Leg Aluminum Leg Aluminum Leg Aluminum Leg Aluminum Leg Aluminum Leg Aluminum Leg Aluminum Leg Aluminum Leg Wheel Wheel Wheel Wheel Compact Wheel Compact Wheel Compact Wheel Medium Storage Unit Small Laser Small Laser Small Laser [Rating: 10] Favorites ----------- Power Light Ion Engine Engine Light Ion Engine Propulsion Light Treads Treads Light Treads Wheel Compact Wheel Utility Huge Storage Unit Storage Huge Storage Unit Protection Scrap Shield Weapon Particle Gun Energy Gun Particle Gun Ballistic Gun Subdweller Machine Gun Build | -11 -10 -10 -10 ------- Run | Yrd Mat Min Sub Slots Evolved . | . . . . Power . | . . . . Propulsion . | . . . . Utility . | . . . . Weapon . | . . . . Parts Attached 19 | 6 9 1 3 Power 3 | 1 1 1 . Engine 3 | 1 1 1 . Core . | . . . . Reactor . | . . . . Propulsion 7 | 2 4 . 1 Treads 3 | 2 . . 1 Leg . | . . . . Wheel 4 | . 4 . . Hover . | . . . . Flight . | . . . . Utility 4 | 1 2 . 1 Device . | . . . . Storage 3 | 1 2 . . Processor . | . . . . Hackware . | . . . . Protection 1 | . . . 1 Artifact . | . . . . Weapon 5 | 2 2 . 1 Energy Gun 4 | 2 2 . . Energy Cannon . | . . . . Ballistic Gun 1 | . . . 1 Ballistic Cannon . | . . . . Launcher . | . . . . Special Weapon . | . . . . Impact Weapon . | . . . . Slashing Weapon . | . . . . Piercing Weapon . | . . . . Special Melee Weapon . | . . . . Unidentified Prototypes . | . . . . Parts Lost 4 | . 1 . 3 Power 2 | . 1 . 1 Propulsion 1 | . . . 1 Utility . | . . . . Weapon 1 | . . . 1 Highest Loss Streak 3 | . 1 . 3 To Critical Strikes . | . . . . Average Backups 19 | 1 14 25 24 Power . | . . . . Propulsion 15 | . 12 22 19 Utility . | . . 1 1 Weapon 1 | . 1 2 2 Tool/Special . | . . . . Unused Backups 21 | . 1 . 20 Power 1 | . . . 1 Propulsion 18 | . 1 . 17 Utility . | . . . . Weapon 2 | . . . 2 Tool/Special . | . . . . Average Slot Usage (%) 84 | . 84 85 84 Engine 13 | . 13 14 13 Treads 11 | . 15 . 12 Wheel 16 | . 12 28 15 Storage 13 | . 14 14 13 Energy Gun 23 | . 27 28 16 Ballistic Gun 4 | . . . 10 Peak Build Rating 10 | 6 9 9 10 Average Rating 8 | 4 7 9 9 On Entrance 6 | . 6 9 9 Avg Prop Armor Cover (%) . | . . . . Naked Turns . | . . . . Heaviest Build 90 | 11 87 87 90 Greatest Support 40 | 40 40 32 40 Greatest Overweight (x) 8 | . 8 2 2 Average Overweight (x) 2 | . 2 2 2 Largest Inventory Capacity 25 | 8 25 25 25 Average Capacity 21 | 6 19 25 24 Most Carried 25 | 3 25 25 25 Average Carried 19 | 1 15 25 24 Final Capacity 25 | 8 25 25 5 Final Carried 25 | 3 25 25 3 Class Distribution -------------------- 100% | Mutant Dominant Class ---------------- Mutant | -10/Materials Mutant | -10/Mines Mutant | -10/Subcaves Resources | -11 -10 -10 -10 ----------- Run | Yrd Mat Min Sub Matter Collected 482 | 72 266 82 62 Remotely . | . . . . Salvage Created 815 | . 469 152 194 Parts 47 | . 19 17 11 Haulers Intercepted 1 | . 1 . . Recyclers Shooed . | . . . . Parts Field Recycled . | . . . . Retrieved Matter . | . . . . Parts Self-Destructed 12 | . . . 12 Prevented . | . . . . Parts Restored . | . . . . Kills | -11 -10 -10 -10 ------- Run | Yrd Mat Min Sub Combat Hostiles Destroyed 21 | . 9 8 4 Guns 21 | . 9 8 4 Classes Destroyed 7 | . 3 2 2 Builder 1 | . 1 . . Hauler 1 | . 1 . . Recycler 1 | . . 1 . Swarmer 8 | . . 8 . Grunt 9 | . 9 . . Sentry 1 | . . . 1 Subdweller 3 | . . . 3 Best Kill Streak 5 | . 2 5 2 Combat Bots Only 5 | . 2 5 2 Max Kills in Single Turn 2 | . 2 2 1 Gunslinging 1 | . . 1 . Exploded . | . . . . Melee . | . . . . Uniques/NPCs Destroyed . | . . . . Combat | -11 -10 -10 -10 -------- Run | Yrd Mat Min Sub Hostile Shots Fired 133 | . 47 27 59 Missed 33 | . 14 6 13 Hits 100 | . 33 21 46 Projectile 100 | . 33 21 46 Damage Taken 1023 | . 436 174 413 Core 250 | . 134 45 71 Absorbed by Shields . | . . . . Core Remaining (%) 100 | 100 . . . Volleys Fired 69 | . 32 10 27 Largest 2 | . 2 2 2 Hottest 105 | . 105 105 105 Shots Fired 123 | . 64 20 39 Gun 123 | . 64 20 39 Cannon . | . . . . Launcher . | . . . . Special . | . . . . Kinetic 22 | . . . 22 Thermal 101 | . 64 20 17 Explosive . | . . . . Electromagnetic . | . . . . Robot Hit Streak 10 | . 10 4 8 Robot Miss Streak 3 | . 3 2 1 Penetration Max . | . . . . Secondary Targets 2 | . . 2 . Max Gunslinging Chain 1 | . . 1 . Shots Hit Robots 79 | . 46 11 22 Core Hits 40 | . 23 9 8 Critical Kills . | . . . . Critical Parts Destroyed . | . . . . Critical Strikes 2 | . 2 . . Burn 2 | . 2 . . Melee Attacks . | . . . . Impact . | . . . . Slashing . | . . . . Piercing . | . . . . Sneak Attacks . | . . . . Combat Hostiles . | . . . . Follow-up Attacks . | . . . . Damage Inflicted 1112 | . 593 149 370 Guns 1112 | . 593 149 370 Cannons . | . . . . Explosions . | . . . . Melee . | . . . . Ramming . | . . . . Kinetic 191 | . . . 191 Thermal 921 | . 593 149 179 Explosive . | . . . . Electromagnetic . | . . . . Impact . | . . . . Slashing . | . . . . Piercing . | . . . . Highest Corruption . | . . . . Average Corruption . | . . . . Corruption Purged . | . . . . Corruption Blocked . | . . . . Overload Shots . | . . . . Overflow Damage . | . . . . Projectiles . | . . . . Explosions . | . . . . Melee . | . . . . Knockbacks . | . . . . Impact . | . . . . Kinetic . | . . . . Secondary . | . . . . Self-Inflicted Damage . | . . . . Shots . | . . . . Rammed . | . . . . Targets Rammed . | . . . . Kicked . | . . . . Crushed . | . . . . Highest Temperature 300 | . 300 135 . Average Temperature 107 | . 124 52 . Received Heat Transfer 324 | . 249 . 75 Siege Activations . | . . . . Martial Activations . | . . . . Shielding Activations . | . . . . Robots Disrupted . | . . . . Combat Hostiles . | . . . . Robots Corrupted . | . . . . Combat Hostiles . | . . . . Parts Fried . | . . . . Impact Corruptions . | . . . . Robots Melted . | . . . . Combat Hostiles . | . . . . Parts Melted 2 | . 2 . . Heat Transferred 2392 | . 1624 335 433 Parts Sabotaged . | . . . . Parts Stolen . | . . . . Parts Stripped . | . . . . Power Chain Reactions . | . . . . Alert | -11 -10 -10 -10 ------- Run | Yrd Mat Min Sub Maximum Alert Level . | . . . . Low Security (%) 100 | 100 100 100 . Level 1 . | . . . . Level 2 . | . . . . Level 3 . | . . . . Level 4 . | . . . . Level 5 . | . . . . High Security . | . . . . Max Security . | . . . . Peak Influence 144 | . 101 144 . Initial 10 | . . 10 . Average 37 | . 34 55 . Influence Increases 550 | . 281 219 50 Destroy 0b10 Robot/C 380 | . 180 180 20 Destroy 0b10 Robot/NC 15 | . 10 5 . Destroy Leader 82 | . 52 30 . Allied During Kill 4 | . . 4 . Successful Hack 8 | . 8 . . Destroy Structure 1 | . 1 . . Lose Combat Pursuer 60 | . 30 . 30 Influence Decreases 548 | . 252 129 167 Entered New Map 82 | . . 19 63 Time Decay 446 | . 252 110 84 Lost Part 20 | . . . 20 Squads Dispatched 1 | . 1 . . Investigation . | . . . . Extermination . | . . . . Reinforcement 1 | . 1 . . Assault . | . . . . Garrison . | . . . . Intercept . | . . . . Searches Triggered . | . . . . Construction Impeded . | . . . . Haulers Reinforced . | . . . . Active Scanning Responses . | . . . . Cargo Convoy Interrupts . | . . . . Stealth | -11 -10 -10 -10 --------- Run | Yrd Mat Min Sub Distress Signals 4 | . 4 . . Communications Jammed . | . . . . Distress Signals . | . . . . Times Spotted 39 | . 19 9 11 Peak Tracking Total 6 | . 5 3 6 Tactical Retreats 2 | . 1 . 1 Traps | -11 -10 -10 -10 ------- Run | Yrd Mat Min Sub Traps Triggered 3 | . 3 . . Indirectly . | . . . . Trap Hack Attempts . | . . . . Triggered . | . . . . Disarmed . | . . . . Reprogrammed . | . . . . Reused . | . . . . Traps Extracted . | . . . . Installed . | . . . . Triggered . | . . . . Machines | -11 -10 -10 -10 ---------- Run | Yrd Mat Min Sub Machines Disabled . | . . . . Max in Single Turn . | . . . . Machines Repaired . | . . . . Machines Dismantled . | . . . . Machines Sabotaged . | . . . . Overloaded Fab Kills . | . . . . Hacking | -11 -10 -10 -10 --------- Run | Yrd Mat Min Sub Machines Accessed 4 | . 4 . . Terminals 3 | . 3 . . Fabricators . | . . . . Repair Stations . | . . . . Recycling Units 1 | . 1 . . Scanalyzers . | . . . . Garrison Access . | . . . . Total Hacks 11 | . 11 . . Successful 2 | . 2 . . Failed 9 | . 9 . . Catastrophic 3 | . 3 . . Database Lockouts . | . . . . Manual 9 | . 9 . . Terminals 9 | . 9 . . Fabricators . | . . . . Repair Stations . | . . . . Recycling Units 2 | . 2 . . Scanalyzers . | . . . . Garrison Access . | . . . . Terminal Hacks 1 | . 1 . . Branch Access Points 1 | . 1 . . Fabricator Hacks . | . . . . Repair Station Hacks . | . . . . Recycling Unit Hacks 1 | . 1 . . Retrieve Components 1 | . 1 . . Scanalyzer . | . . . . Garrison Access Hacks . | . . . . Unauthorized Hacks . | . . . . Terminals . | . . . . Fabricators . | . . . . Repair Stations . | . . . . Recycling Units . | . . . . Scanalyzers . | . . . . Garrison Access . | . . . . Data Cores Recovered . | . . . . Used . | . . . . Hacking Detections 4 | . 4 . . Full Trace Events . | . . . . Feedback Events . | . . . . Feedback Blocked . | . . . . Robot Schematics Acquired . | . . . . Robots Built . | . . . . Authchips . | . . . . Time . | . . . . Total Robot Build Rating . | . . . . Part Schematics Acquired . | . . . . Parts Built . | . . . . Authchips . | . . . . Time . | . . . . Total Part Build Rating . | . . . . Part Studies Acquired . | . . . . Parts Repaired . | . . . . Time . | . . . . Parts Recycled . | . . . . Recycled Matter . | . . . . Retrieved Matter . | . . . . Retrieved Components 6 | . 6 . . Parts Scanalyzed . | . . . . Part Schematics Acquired . | . . . . Parts Damaged . | . . . . Bothacking | -11 -10 -10 -10 ------------ Run | Yrd Mat Min Sub Used RIF Installer . | . . . . Robots Hacked . | . . . . Non-combat . | . . . . Combat . | . . . . Robot Hacks Applied . | . . . . Relay Couplers Released . | . . . . Fabnet Peak Effective % . | . . . . Robots Rewired . | . . . . Allies Hacked . | . . . . Hacks Repelled . | . . . . Allies | -11 -10 -10 -10 -------- Run | Yrd Mat Min Sub Total Allies 1 | . . 1 . Largest Group 1 | . . 1 1 Highest-Rated Group 31 | . . 31 31 Highest-Rated Ally 31 | . . 31 31 Total Orders . | . . . . Ally Attacks 14 | . . 2 12 Total Damage 168 | . . 21 147 Kills 2 | . . 1 1 Allies Corrupted . | . . . . Allies Melted . | . . . . Intel | -11 -10 -10 -10 ------- Run | Yrd Mat Min Sub Active Infowar (turns) . | . . . . Robot Analysis Total . | . . . . Derelict Logs Recovered 1 | . . 1 . Drone Launches . | . . . . Drone Recoveries . | . . . . Exploration | -11 -10 -10 -10 ------------- Run | Yrd Mat Min Sub Turns Passed 1623 | 68 714 264 577 Spaces Moved 785 | 37 304 166 278 Core 2 | 2 . . . Treads 245 | 35 137 . 73 Legs . | . . . . Wheels 538 | . 167 166 205 Hover . | . . . . Flight . | . . . . Fastest Speed 50 | 50 130 130 130 Average Speed 163 | 154 168 130 179 Slowest Speed 320 | 160 320 130 320 Overloaded Moves . | . . . . Propulsion Burnouts . | . . . . Robots Hopped . | . . . . Potential Cave-ins . | . . . . Cave-ins Triggered . | . . . . Exploration Rate (%) 32 | 3 58 43 24 Regions Visited 3 Branch Regions 2 Pre-discovered Areas 1 | . . 1 . Known Exits Taken 1 | . 1 . . Unknown Exits Taken 2 | 1 . 1 . Scrap Searched . | . . . . Spaces Dug . | . . . . Terrain Destroyed . | . . . . Melee . | . . . . Projectile . | . . . . AOE . | . . . . Terrain Rammed . | . . . . Walls Destroyed . | . . . . Machines Disabled . | . . . . Actions | -11 -10 -10 -10 --------- Run | Yrd Mat Min Sub Total 996 | 45 439 195 317 Wait 76 | . 58 18 . Move 782 | 36 303 165 278 Hop . | . . . . Pick Up 32 | 3 26 . 3 Fast Attach 13 | 6 7 . . Attach 4 | . 3 . 1 Detach 1 | . 1 . . Swap 9 | . 5 1 3 Drop 10 | . 4 1 5 Fire 69 | . 32 10 27 Melee . | . . . . Ram . | . . . . Kick . | . . . . Crush . | . . . . Escape Stasis . | . . . . Rewire . | . . . . Trap . | . . . . Miscellaneous . | . . . . Route ------- -11/Scrapyard -10/Materials (discovered 2 exits: [*Mat] / *Min) -10/Mines -10/Subcaves (discovered 1 exit: [*Rec]) History --------- Turn | Location | Event 45 | -11/Scrapyard | Discovered new exit (range 14) 69 | -11/Scrapyard | Entered Materials 311 | -10/Materials | Build established: Mutant 374 | -10/Materials | Discovered new exit (range 9) 502 | -10/Materials | Identified exit to Mines 754 | -10/Materials | Core integrity fell below 50% 783 | -10/Materials | Entered Mines 904 | -10/Mines | Learned Materials stockpile data 967 | -10/Mines | Escorted by a lone wolf Derelict 987 | -10/Mines | Learned location of Storage (-7) 1032 | -10/Mines | Discovered new exit (range 5) 1047 | -10/Mines | Entered Subcaves 1047 | -10/Subcaves | Accompanied by 1 ally 1048 | -10/Subcaves | Approached by a straggling Scientist 1371 | -10/Subcaves | Core integrity fell below 20% 1507 | -10/Subcaves | A swath of the cavern ceiling suddenly collapsed 1601 | -10/Subcaves | Discovered new exit (range 11) 1624 | -10/Subcaves | Destroyed by S-10 Pest with Light Assault Rifle Last Messages --------------- here" 01410_ Subatomizers dissect the Com. Wheel. YH-ODJ(c): "I think it's somewhere northeast of here" YH-ODJ(c): "I think it's somewhere north of here" A swath of the cavern ceiling suddenly collapses. YH-ODJ(c): "I think it's somewhere north of here" 01601_ EXIT=FOUND 01602_ S-10 Pest springs to life. 01603_ Particle Gun destroyed. YH-ODJ(c): "I think it's somewhere north of here" 01611_ Lgt. Ion Engine destroyed. 01611_ Dropped Huge Storage Unit. 01618_ Lgt. Treads destroyed. 01620_ S-10 Pest destroyed. 01623_ Destroyed Lgt. Ion Engine. Map ----- +----------------------------------------------------+ | ??# ##????????????????????????????????????????? | | ### %##???????????????????????????????????????? | | # ###########?????????????????????????????? | | % ## #?????????????????????????????? | | # #?????????????????????????????? | | ## # #??######?????????????????????? | | ########### # #### #?????????????????????? | | ????????## ### #?????????????????????? | | ???????## ### #??????##?????????????? | | ???????# ##???" "## ??????????? | | ???????# "## " " #?????????? | | ???????# # ######" # """ ???????????? | | ??????# ### ##??###"# #?????????? | | ??????# #?## #???#### ### ###?????????? | | ??????## ###??## #???????##?????#???????????? | | ???????####?## ## ######??????????????????????? | | ???????????## ## #??????????????????????? | | ????????# ##?????????????????????? | | ???????# ##????????????????????? | | ???????# ## ####?????????????????? | | ???????# ???# ## ##????????????????? | | ???????????# ### #????????????????? | | ???????????# ###= ###????????????????? | | ???????????# ###[===##??????????????????? | | ??????????# ## ###%==##???????????????????? | | ?????????# #?# ###=@=##???????#????????????? | | ????????# ??# #####[ss#### "#????????????? | | ????????? ??? #???# =[== ""#????????????? | | ????????? ??? ???# %=!s <#???????????? | | ????????????? ???# ""##???????????? | | ?????????????? ????# ##### "#????????????? | | ????????????????????# #????? "#????????????? | | ????????????????????# #?????? """#????????????? | | ??????????????????? #???????####????????????? | | ?????????????????? ????????????????????????? | | ????????????????? #????????????????????????? | | ????????????????## #?????????????????????????? | | ?????????????????## #??????????????????????????? | | ??????????????????# #???????????????????????????? | | ??????????????????###????????????????????????????? | | ?????????????????????????????????????????????????? | | ?????????????????????????????????????????????????? | | ?????????????????????????????????????????????????? | | ?????????????????????????????????????????????????? | | ?????????????????????????????????????????????????? | | ?????????????????????????????????????????????????? | | ?????????????????????????????????????????????????? | | ?????????????????????????????????????????????????? | | ?????????????????????????????????????????????????? | | ?????????????????????????????????????????????????? | +----------------------------------------------------+ Best States ------------- Heat Dissipation 25 Energy Generation 10 Energy Capacity 125 Matter Stores 300 Matter Capacity 300 Sight Range 16 Terrain Scan Density 10 Armor Coverage 800 Evasion (%) 40 Recoil Reduction 2 Item Schematics ----------------- None Robot Schematics ------------------ None Fabricated ------------ Nothing Repaired ---------- Nothing Studied --------- None Alien Tech Used ----------------- None Achievements -------------- None Challenges ------------ None Game ------ Seed SystemDisruptionPrototype Manual? 0 Play Time 00:11:07 Cumulative 100.8 hours Start 2026.07.22 @ 10:41:58 End 2026.07.22 @ 10:52:31 Sessions 1 Manual Loads 0 Difficulty Rogue Special Mode None Game No. 114 Rogue 60 Adventurer 54 Explorer 0 Win Type - Total 2 Types 2/0/0/0/0/0/0/0/0/0 Lore% 45 Gallery% 47 Achievement% 43 Wizard Run 0 Options --------- Layout 1 ASCII 0 Keyboard 0 Movement Mouse Keybinds 1 Fullscreen 1 Font 32/Tamsyn Map View 50x35 Zoom Use 0% Tactical HUD 1 Map Filters NONE Filters NONE Steam 1 RUN: 21a22300-4d49-42a7-928c-54676260e936